Map: Orbital Shipyard

Players

SortOf - Winner!

  • Race: Zerg Zerg
  • League: Grandmaster

Dunmer

  • Race: Terran Terran

VOD

Have the link to the VOD?

Description

Ive been trying out this style with some success due to the prevalence of ravager builds. I felt like I was a little behind from it vs Sortof though. However I am a unsure how to play my mech now. Do I want to pressure his 4th while taking mine? Do I turtle. How do I transition to effectively deal with Hive tech.

One thing in this game I did notice was sortof left 30 supply for his hive. Had I know it was perfect time to attack and expand to slow him down.

Time

  • Played on: Dec. 4, 2015, 6:48 p.m.
  • Length: 15:17
Show
View Real Time Build Order
Export as new Build Order

SortOf Zerg - Winner!

Build Orders: Hatch First 

Get SALT Encoding   

  12  0:01  Drone  
  13  0:14  Overlord  
  13  0:17  Drone  
  14  0:32  Drone x2  
  16  0:37  Drone  
  17  0:47  Drone  
  18  0:56  Hatchery  
  17  1:00  Drone  
  18  1:10  Drone  
  19  1:17  Extractor  
  18  1:19  Drone  
  18  1:25  Spawning Pool  
  18  1:29  Drone  
  19  1:36  Extractor  
  18  1:42  Drone  
  19  1:53  Overlord  
  19  2:11  Queen x2  
  19  2:12  Zergling x4  
  25  2:16  Zergling x2  
  25  2:19  Drone  
  27  2:26  Metabolic Boost  
  27  2:31  Drone  
  27  2:32  Drone  
  27  2:34  Drone  
  30  2:42  Drone  
  31  2:44  Overlord  
  31  2:51  Overlord  
  31  2:56  Overlord  
  31  3:02  Queen  
  31  3:03  Drone  
  34  3:06  Drone  
  35  3:14  Drone  
  35  3:17  Drone  
  37  3:20  Hatchery  
  37  3:21  Drone  
  37  3:23  Drone  
  37  3:24  Drone  
  37  3:26  Drone  
  40  3:30  Drone  
  40  3:32  Drone  
  40  3:33  Drone  
  43  3:36  Drone  
  44  3:46  Spore Crawler, Extractor  
  44  3:47  Spore Crawler  
  41  3:52  Roach Warren, Drone x2  
  41  3:55  Evolution Chamber  
  41  3:58  Evolution Chamber  
  41  4:01  Drone x2  
  42  4:04  Drone  
  42  4:05  Drone  
  44  4:13  Drone x2  
  44  4:16  Overlord  
  46  4:24  Zerg Ground Armor Level 1  
  46  4:25  Overlord  
  46  4:33  Roach x3  
  50  4:39  Overlord  
  50  4:40  Drone x3  
  53  4:48  Drone, Zerg Melee Weapons Level 1  
  56  4:53  Spore Crawler, Roach  
  56  4:55  Drone x2  
  56  4:56  Extractor  
  56  4:57  Drone  
  56  4:59  Zergling x2  
  58  5:07  Zergling x10  
  59  5:13  Overlord  
  63  5:17  Lair  
  63  5:25  Drone x2  
  63  5:26  Overlord  
  65  5:30  Queen  
  65  5:33  Drone x4  
  71  5:36  Ravager  
  71  5:41  Ravager  
  71  5:42  Overlord x2  
  73  5:46  Drone x3  
  73  5:47  Drone  
  77  5:51  Drone  
  77  5:52  Drone  
  77  5:56  Ravager x2  
  81  6:01  Overlord  
  81  6:05  Overlord  
  81  6:09  Drone x2  
  81  6:10  Drone x3  
  81  6:11  Overlord x2  
  86  6:12  Roach  
  86  6:14  Roach  
  86  6:16  Overseer  
  86  6:18  Queen  
  90  6:22  Overseer  
  90  6:25  Glial Reconstitution  
  92  6:28  Drone x5  
  92  6:30  Extractor  
  92  6:31  Extractor  
  95  6:37  Overlord  
  95  6:38  Roach x3  
  101  6:43  Overlord  
  99  6:56  Queen  
  99  7:00  Drone x2  
  99  7:01  Overlord  
  103  7:04  Roach x3, Zergling x2  
  103  7:05  Zergling x10  
  115  7:09  Zerg Ground Armor Level 2  
  115  7:10  Drone x2  
  117  7:21  Hatchery  
  116  7:25  Drone x2  
  116  7:26  Drone x2  
  116  7:28  Extractor  
  119  7:32  Zerg Missile Weapons Level 1  
  119  7:35  Infestation Pit  
  119  7:36  Hydralisk Den  
  117  7:39  Roach x4  
  117  7:42  Overlord  
  125  7:44  Overlord  
  125  7:46  Roach  
  125  7:47  Roach x3  
  133  7:57  Overlord  
  133  7:59  Drone x5  
  138  8:10  Muscular Augments  
  138  8:12  Drone x3  
  139  8:13  Hive  
  139  8:15  Drone x2  
  139  8:18  Hydralisk x2  
  145  8:26  Zergling x2  
  145  8:27  Zergling x10  
  151  8:38  Hydralisk x4  
  151  8:41  Extractor  
  158  8:52  Drone x2  
  158  8:55  Drone x3  
  158  9:02  Spore Crawler  
  154  9:04  Extractor  
  154  9:07  Overlord  
  152  9:18  Spire  
  152  9:20  Queen  
  153  9:27  Overlord  
  153  9:30  Overlord  
  153  9:31  Pneumatized Carapace, Overseer  
  152  9:33  Viper x3  
  161  9:40  Drone x2  
  161  9:41  Zerg Missile Weapons Level 2  
  161  9:44  Overlord  
  161  9:45  Hatchery  
  162  9:54  Viper  
  162  9:59  Zerg Ground Armor Level 3  
  165  10:01  Drone x3, Spine Crawler  
  167  10:12  Spine Crawler  
  166  10:16  Evolution Chamber  
  165  10:31  Greater Spire  
  165  10:33  Spire  
  164  10:37  Extractor  
  164  10:42  Extractor  
  161  10:47  Drone x2  
  161  10:48  Evolution Chamber  
  162  10:50  Evolution Chamber  
  162  10:56  Drone x3  
  163  11:09  Spine Crawler  
  163  11:10  Spore Crawler  
  163  11:11  Hydralisk x10  
  175  11:24  Ultralisk Cavern  
  176  11:25  Roach  
  176  11:26  Roach x12  
  196  11:43  Hydralisk  
  159  12:08  Corruptor x10  
  166  12:20  Zerg Flyer Weapons Level 1, Zerg Flyer Armor Level 1  
  166  12:24  Hatchery  
  166  12:26  Overlord  
  165  12:30  Drone x2  
  165  12:34  Viper  
  170  12:39  Roach  
  170  12:40  Roach x3, Zergling x4  
  170  12:41  Zergling x2  
  170  12:43  Brood Lord  
  170  12:44  Brood Lord x2  
  187  12:56  Drone  
  188  12:59  Brood Lord x2  
  188  13:00  Brood Lord  
  194  13:08  Zergling x12  
  194  13:09  Zergling x2  
  194  13:21  Brood Lord  
  194  13:22  Brood Lord  
  198  13:32  Corruptor  
  198  13:33  Hatchery, Corruptor x2  
  196  13:46  Corruptor  
  198  13:52  Extractor  
  198  13:54  Chitinous Plating  
  169  14:18  Corruptor x5  
  176  14:25  Hydralisk  
  176  14:26  Hydralisk x3  
  184  14:33  Brood Lord  
  179  14:41  Zergling x36  
  179  14:42  Zergling x12  
  179  14:44  Hydralisk x4  
  179  14:45  Hydralisk  
Show
View Real Time Build Order
Export as new Build Order

Dunmer Terran 

Build Orders: Mech 

Get SALT Encoding   

  12  0:01  SCV  
  13  0:13  SCV  
  14  0:18  Supply Depot  
  14  0:25  SCV  
  15  0:31  Refinery  
  15  0:39  SCV  
  16  0:44  Barracks  
  16  0:51  SCV  
  17  1:05  SCV  
  18  1:17  SCV  
  19  1:44  Orbital Command  
  19  1:45  Marine  
  20  1:48  Supply Depot  
  20  1:56  Factory  
  20  2:03  Marine  
  21  2:11  SCV  
  22  2:21  Marine  
  23  2:23  SCV  
  23  2:29  Command Center  
  24  2:35  SCV  
  25  2:39  Widow Mine, Marine  
  25  2:43  Starport  
  28  2:48  SCV  
  29  2:53  Supply Depot  
  29  3:04  Barracks Tech Lab  
  29  3:05  SCV  
  30  3:14  Widow Mine  
  32  3:20  Medivac  
  32  3:22  SCV  
  32  3:24  Refinery  
  35  3:32  Supply Depot  
  35  3:36  Barracks Reactor  
  35  3:39  SCV  
  36  3:55  SCV  
  36  3:57  Orbital Command  
  36  4:00  Factory Reactor  
  37  4:08  SCV  
  38  4:10  Banshee  
  38  4:13  Marine x2  
  43  4:20  SCV  
  44  4:26  Command Center  
  44  4:27  SCV  
  45  4:46  Marine x2  
  45  4:47  Hellion x2, Cloaking Field  
  45  4:49  SCV x2  
  53  4:53  Supply Depot  
  53  5:03  Marine  
  53  5:04  Marine  
  55  5:07  Banshee  
  55  5:08  SCV, Hellion  
  55  5:09  SCV  
  55  5:10  Supply Depot  
  61  5:21  SCV  
  62  5:26  Marine x2  
  61  5:39  Hellion, Orbital Command  
  61  5:42  SCV x2  
  65  5:43  Factory, Refinery  
  65  5:44  Factory, Refinery  
  65  5:45  Armory  
  65  5:55  Hellion  
  65  5:56  Marine x2  
  69  5:58  SCV x2  
  69  6:00  Hellion  
  69  6:03  Engineering Bay  
  73  6:07  SCV  
  73  6:08  Orbital Command  
  73  6:10  SCV x2  
  76  6:17  Marine x2  
  78  6:22  Hellion  
  78  6:23  Banshee  
  78  6:24  SCV x2  
  85  6:28  Factory Tech Lab  
  85  6:29  Factory Tech Lab  
  83  6:45  SCV x2  
  82  6:54  SCV  
  82  6:57  SCV  
  82  6:58  Siege Tank x2  
  90  7:03  SCV  
  90  7:04  Hellion  
  93  7:09  Supply Depot, Factory x2  
  93  7:10  Supply Depot  
  93  7:25  Refinery  
  93  7:28  Refinery, Missile Turret  
  93  7:30  Banshee, SCV x3  
  93  7:31  Hellion, Siege Tank x2  
  107  7:38  Terran Vehicle Weapons Level 1  
  107  7:43  SCV x2  
  109  7:45  Supply Depot  
  109  7:48  Supply Depot  
  109  7:53  Supply Depot  
  109  8:01  Factory Tech Lab, Factory Reactor  
  109  8:04  SCV  
  109  8:07  SCV x2  
  109  8:09  Siege Tank x2  
  109  8:10  Hellion x2  
  120  8:16  Supply Depot, SCV  
  120  8:19  SCV x2  
  123  8:23  Armory, Missile Turret  
  123  8:25  Missile Turret  
  123  8:27  Missile Turret  
  123  8:28  SCV  
  123  8:29  Siege Tank  
  123  8:31  SCV x2  
  129  8:41  Hellion, Siege Tank x2, Hellbat  
  141  9:03  Hellbat  
  141  9:04  Siege Tank  
  136  9:12  Hellion  
  136  9:13  Siege Tank  
  141  9:19  Supply Depot  
  141  9:20  Supply Depot  
  141  9:37  Command Center  
  141  9:38  Terran Vehicle Weapons Level 2  
  141  9:41  Banshee, Hellion, Hellbat x2, Siege Tank, SCV x2  
  155  9:47  Hellion  
  155  9:50  Supply Depot  
  155  9:52  Supply Depot  
  157  9:54  Supply Depot  
  157  10:06  Terran Vehicle And Ship Armor Level 1  
  157  10:08  Supply Depot  
  157  10:12  Hellion, Siege Tank, Hellbat  
  157  10:13  Thor, Hellbat  
  172  10:15  Siege Tank  
  175  10:21  Hellion  
  175  10:26  Starport x2  
  175  10:29  Hellion  
  175  10:34  Hellion, Hellbat  
  175  10:35  Hellbat  
  183  10:36  Refinery  
  183  10:37  Refinery  
  183  10:44  Siege Tank  
  183  10:48  Siege Tank, Missile Turret  
  183  10:49  Raven  
  191  10:51  Missile Turret  
  191  10:56  Siege Tank  
  194  10:57  Hellion  
  194  10:58  Hellbat x2  
  196  11:16  Siege Tank  
  195  11:20  Siege Tank  
  195  11:24  Hellion, Hellbat  
  200  11:28  Orbital Command  
  187  11:46  Siege Tank  
  187  11:47  Hellion, Hellbat x2  
  188  11:50  Missile Turret  
  188  11:53  Sensor Tower  
  188  11:57  Starport Tech Lab x2  
  188  11:58  SCV x4  
  173  12:10  Thor, Siege Tank, SCV x4  
  173  12:11  Hellion x2, Terran Vehicle Weapons Level 3, Hellbat x2  
  173  12:13  Terran Vehicle And Ship Armor Level 2  
  194  12:18  Siege Tank  
  194  12:19  Command Center  
  194  12:22  SCV x2  
  199  12:48  Missile Turret  
  199  12:49  Missile Turret  
  197  12:53  Missile Turret  
  197  12:57  Viking x2  
  197  13:10  Command Center  
  197  13:15  Starport  
  197  13:16  Starport  
  195  13:21  Hellion, Siege Tank  
  195  13:24  Liberator  
  198  13:31  Fusion Core  
  186  13:34  Missile Turret  
  186  13:35  Command Center  
  186  13:37  Missile Turret  
  186  13:39  Missile Turret  
  186  13:40  Thor x2  
  196  13:46  Orbital Command  
  195  13:53  Liberator  
  195  13:54  Liberator  
  195  13:55  Command Center  
  195  13:56  Sensor Tower  
  195  13:58  Missile Turret  
  186  14:24  Viking x2  
  181  14:28  Viking  
  181  14:30  Command Center, Hellion x2, Siege Tank x2, Hellbat x2  
  136  14:54  Supply Depot, Hellion, Hellbat  
Tags
 
Composition
Mech
Matchup
TvZ
Player
SortOf
Add a new tag
Caveats
  • Supply blocks, unpowered buildings, or Contaminate may cause inaccurate times.
  • Supply counts are checked every 10 seconds.